 Dungeon Crawl Stone Soup version 0.30-a0-737-gf23d94013f (webtiles) character file.

Game seed: 13091531134651639536

553429 demibob the Conqueror (level 26, -40/239 HPs)
             Began as a Hill Orc Fighter on Jan 31, 2023.
             Was a Believer of Jiyva.
             Killed from afar by Fifennuyg the pandemonium lord (56 damage)
             ... with a crystal spear
             ... on level 3 of the Depths on Feb 1, 2023.
             The game lasted 02:38:44 (66783 turns).

demibob the Conqueror (Hill Orc Fighter)           Turns: 66783, Time: 02:38:45

Health: -40/239    AC: 45    Str: 28    XL:     26   Next: 39%
Magic:  23/23      EV: 24    Int:  8    God:    Jiyva [**....]
Gold:   1580       SH:  0    Dex: 24    Spells: 25/25 levels left

rFire   + + +      SeeInvis +    a - +6 executioner's axe of Discomfort {heavy, rPois rF+ SInv Stlth+}
rCold   + . .      Faith    +    (shield currently unavailable)
rNeg    . . .      Spirit   .    y - +10 plate armour {rF+}
rPois   +          Reflect  .    K - +2 helmet of Winter {Fly Will+ Str-3 Int+8}
rElec   +          Harm     .    E - +0 cloak "Xatykac" {-Cast rElec Regen+ Int-5}
rCorr   +          Rampage  .    V - +0 pair of gloves of Snakes and Ladders {Str+2}
Will    ++...      NoCast   +    q - +0 pair of boots "Yphon" {rPois Str-3 Int-3 Dex+8} Stlth
                                 c - amulet of faith {!P}
HPRegen 2.35/turn                n - ring "Nuenairo" {Fly rF+ rC+ rCorr}
MPRegen 0.48/turn                T - ring of Jelyf {AC+4 Str+3 Dex+4}

@: about to teleport, flying, hasted, studying Long Blades, very quick
A: frail 1, electricity resistance, sturdy frame 1
}: 3/15 runes: barnacled, silver, gossamer
a: Renounce Religion


You were on level 3 of the Depths.
You worshipped Jiyva.
Jiyva was pleased with you.
You visited 11 branches of the dungeon, and saw 46 of its levels.
You visited the Abyss 1 time.
You visited 1 ziggurat, and saw 7 of its levels.
You also visited: Wizlab.

You collected 24629 gold pieces.
You spent 3727 gold pieces at shops.
You paid 19322 gold pieces to Gozag.


Innate Abilities, Weirdness & Mutations

You are frail. (-10% HP)
You are resistant to electric shocks. (rElec)
Your movements are slightly less encumbered by armour. (ER -2)


   Skills:
 O Level 27 Fighting
 + Level 26.7 Axes
 + Level 24.0 Armour
 - Level 19.6 Dodging
 - Level 3.2 Shields
 - Level 15.0 Evocations


You had 25 spell levels left.
You didn't know any spells.
Your spell library contained the following spells:

 Spells                   Type           Power      Damage    Failure   Level
 Apportation              Tloc           0%         N/A       75%         1
 Beastly Appendage        Tmut           0%         N/A       75%         1
 Kiss of Death            Conj/Necr      0%         2d5       75%         1
 Necrotise                Necr           0%         1d4       75%         1
 Shock                    Conj/Air       0%         1d3       75%         1
 Slow                     Hex            0%         N/A       75%         1
 Summon Small Mammal      Summ           0%         N/A       75%         1
 Blink                    Tloc           0%         N/A       87%         2
 Cigotuvi's Dreadful Rot  Necr/Pois/Air  0%         N/A       87%         2
 Ensorcelled Hibernation  Hex/Ice        0%         N/A       87%         2
 Lesser Beckoning         Tloc           0%         N/A       87%         2
 Momentum Strike          Conj/Tloc      0%         3d8       87%         2
 Poisonous Vapours        Pois/Air       0%         N/A       87%         2
 Static Discharge         Conj/Air       0%         2-2/arc   87%         2
 Sublimation of Blood     Necr           0%         N/A       87%         2
 Wereblood                Tmut           0%         N/A       87%         2
 Call Canine Familiar     Summ           0%         N/A       98%         3
 Confusing Touch          Hex            0%         N/A       98%         3
 Dazzling Flash           Conj/Hex       0%         N/A       98%         3
 Frozen Ramparts          Ice            0%         1d1       98%         3
 Hailstorm                Conj/Ice       0%         3d3       98%         3
 Ignite Poison            Fire/Tmut/Pois 0%         N/A       98%         3
 Inner Flame              Hex/Fire       0%         N/A       98%         3
 Kindle Blastsparks       Fire/Tloc/Air  0%         2d10      98%         3
 Mephitic Cloud           Conj/Pois/Air  0%         N/A       98%         3
 Ozocubu's Armour         Ice            0%         N/A       98%         3
 Portal Projectile        Hex/Tloc       0%         N/A       98%         3
 Spider Form              Tmut/Pois      0%         N/A       98%         3
 Tukima's Dance           Hex            0%         N/A       98%         3
 Vampiric Draining        Necr           0%         2d6       98%         3
 Vhi's Electric Charge    Tloc/Air       0%         N/A       98%         3
 Airstrike                Air            0%         2d(0-16)  100%        4
 Anguish                  Hex/Necr       0%         N/A       100%        4
 Animate Dead             Necr           0%         N/A       100%        4
 Cause Fear               Hex            0%         N/A       100%        4
 Dispel Undead            Necr           0%         3d6       100%        4
 Flame Wave               Conj/Fire      0%         2d4       100%        4
 Fulminant Prism          Conj/Hex       0%         3d5       100%        4
 Ice Form                 Ice/Tmut       0%         N/A       100%        4
 Iskenderun's Mystic Bla  Conj/Tloc      0%         2d3       100%        4
 Leda's Liquefaction      Hex/Erth       0%         N/A       100%        4
 Olgreb's Toxic Radiance  Pois           0%         N/A       100%        4
 Passage of Golubria      Tloc           0%         N/A       100%        4
 Petrify                  Tmut/Erth      0%         N/A       100%        4
 Sticky Flame             Conj/Fire      0%         2d3       100%        4
 Summon Ice Beast         Ice/Summ       0%         N/A       100%        4
 Summon Lightning Spire   Summ/Air       0%         N/A       100%        4
 Agony                    Necr           0%         N/A       100%        5
 Alistair's Intoxication  Tmut/Pois      0%         N/A       100%        5
 Arcjolt                  Conj/Air       0%         1d10      100%        5
 Blade Hands              Tmut           0%         N/A       100%        5
 Borgnjor's Vile Clutch   Necr/Erth      0%         N/A       100%        5
 Irradiate                Conj/Tmut      0%         3d11      100%        5
 Iskenderun's Battlesphe  Conj           0%         2d6       100%        5
 Lee's Rapid Deconstruct  Erth           0%         3d4*      100%        5
 Lightning Bolt           Conj/Air       0%         1d11      100%        5
 Metabolic Englaciation   Hex/Ice        0%         N/A       100%        5
 Silence                  Hex/Air        0%         N/A       100%        5
 Summon Forest            Summ/Tloc      0%         N/A       100%        5
 Summon Mana Viper        Hex/Summ       0%         N/A       100%        5
 Yara's Violent Unravell  Hex/Tmut       0%         3d3       100%        5
 Death Channel            Necr           0%         N/A       100%        6
 Eringya's Noxious Bog    Tmut/Pois      0%         N/A       100%        6
 Iron Shot                Conj/Erth      0%         9d1       100%        6
 Simulacrum               Ice/Necr       0%         N/A       100%        6
 Statue Form              Tmut/Erth      0%         N/A       100%        6
 Summon Cactus Giant      Summ           0%         N/A       100%        6
 Haunt                    Necr/Summ      0%         N/A       100%        7
 Ozocubu's Refrigeration  Ice            0%         4d7       100%        7
 Spellforged Servitor     Conj/Summ      0%         N/A       100%        7
 Storm Form               Tmut/Air       0%         N/A       100%        7
 Summon Hydra             Summ           0%         N/A       100%        7
 Borgnjor's Revivificati  Necr           0%         N/A       100%        8
 Discord                  Hex            0%         N/A       100%        8
 Ignition                 Fire           0%         3d3       100%        8
 Infestation              Necr           0%         N/A       100%        8
 Lehudib's Crystal Spear  Conj/Erth      0%         10d2      100%        8
 Necromutation            Tmut/Necr      0%         N/A       100%        8
 Death's Door             Necr           0%         N/A       100%        9
 Dragon's Call            Summ           0%         N/A       100%        9
 Shatter                  Erth           0%         3d5*      100%        9

Inventory:

Hand Weapons
 a - the +6 executioner's axe of Discomfort (weapon) {heavy, rPois rF+ SInv Stlth+}
   (You found it on level 3 of the Elven Halls)

   rF:        It protects you from fire.
   rPois:     It protects you from poison.
   SInv:      It lets you see invisible.
   Stlth:     It makes you more stealthy.
 b - a +9 executioner's axe of venom
Armour
 i - the +1 hat of Chimes {*Corrode rC++ Slay+4}
   (You found it on level 5 of the Vaults)

   Slay:      It affects your accuracy & damage with ranged weapons and melee
   (+4).
   rC:        It greatly protects you from cold.
   *Corrode:  It may corrode you when you take damage.
 q - the +0 pair of boots "Yphon" (worn) {rPois Str-3 Int-3 Dex+8}
   (You found it on level 5 of the Dungeon)

   Str:       It affects your strength (-3).
   Int:       It affects your intelligence (-3).
   Dex:       It affects your dexterity (+8).
   rPois:     It protects you from poison.
 s - a scarf of resistance
 y - a +10 plate armour of fire resistance (worn)
 E - the +0 cloak "Xatykac" (worn) {-Cast rElec Regen+ Int-5}
   (You bought it in a shop on level 1 of the Elven Halls)

   Int:       It affects your intelligence (-5).
   rElec:     It insulates you from electricity.
   -Cast:     It prevents spellcasting.
   Regen:     It increases your rate of health regeneration.
 K - the +2 helmet of Winter (worn) {Fly Will+ Str-3 Int+8}
   (You found it on level 13 of the Dungeon)

   Str:       It affects your strength (-3).
   Int:       It affects your intelligence (+8).
   Fly:       It grants you flight.
   Will:      It increases your willpower.
 V - the +0 pair of gloves of Snakes and Ladders (worn) {Str+2}
   (You found it on level 4 of the Spider Nest)

   Str:       It affects your strength (+2).
Jewellery
 c - an amulet of faith (around neck) {!P}
 g - the ring "Laryof" {rF+ Will+ Dex+2}
   (You found it in a wizard's laboratory)

   [ring of willpower]

   Dex:       It affects your dexterity (+2).
   rF:        It protects you from fire.
   Will:      It increases your willpower.
 l - the ring "Liecor" {rElec rF+++ Will+ MP+9 Dex-3}
   (You acquired it on level 1 of the Crypt)

   [ring of magical power]

   Dex:       It affects your dexterity (-3).
   rF:        It renders you almost immune to fire.
   rElec:     It insulates you from electricity.
   MP:        It affects your magic capacity (+9).
   Will:      It increases your willpower.
 n - the ring "Nuenairo" (left hand) {Fly rF+ rC+ rCorr}
   (You found it on level 4 of the Spider Nest)

   [ring of flight]

   rF:        It protects you from fire.
   rC:        It protects you from cold.
   Fly:       It grants you flight.
   rCorr:     It protects you from acid and corrosion.
 r - an amulet of reflection
 v - a ring of see invisible
 w - the ring "Weafesit" {rF+ Str+2 Dex+3 Slay+4}
   (You took it off a deep elf elementalist on level 3 of the Elven Halls)

   [ring of slaying]

   Str:       It affects your strength (+2).
   Dex:       It affects your dexterity (+3).
   Slay:      It affects your accuracy & damage with ranged weapons and melee
   (+4).
   rF:        It protects you from fire.
 D - the ring "Teppihet" {rF+ rC++ rN++ Stlth-}
   (You found it on level 4 of a ziggurat)

   [ring of protection from fire]

   rF:        It protects you from fire.
   rC:        It greatly protects you from cold.
   rN:        It greatly protects you from negative energy.
   Stlth:     It makes you less stealthy.
 I - a +6 ring of intelligence
 T - the ring of Jelyf (right hand) {AC+4 Str+3 Dex+4}
   (You found it on level 11 of the Dungeon)

   [ring of protection]

   AC:        It affects your AC (+4).
   Str:       It affects your strength (+3).
   Dex:       It affects your dexterity (+4).
 U - the ring "Hodai" {rC+ Int+3}
   (You took it off a yaktaur captain on level 5 of the Vaults)

   [ring of protection from cold]

   Int:       It affects your intelligence (+3).
   rC:        It protects you from cold.
Wands
 e - a wand of polymorph (33)
 t - a wand of iceblast (54)
 u - a wand of charming (30)
 z - a wand of mindburst (12)
 H - a wand of flame (55)
 O - a wand of digging (6)
 W - a wand of quicksilver (12)
Scrolls
 j - 3 scrolls of teleportation {@r2}
 m - 3 scrolls of enchant armour
 o - 6 scrolls of magic mapping
 p - 6 scrolls of poison
 F - 5 scrolls of fear
 G - a scroll of butterflies
 N - a scroll of enchant weapon
 Q - 34 scrolls of identify {@r1}
Potions
 f - 14 potions of curing {@q1}
 h - 5 potions of flight
 k - 8 potions of mutation
 x - 3 potions of resistance
 B - 8 potions of invisibility
 P - 11 potions of cancellation
 X - 4 potions of haste {@q3}
 Y - 2 potions of might
Miscellaneous
 d - a box of beasts
 A - a phantom mirror
 J - a lightning rod (4/4)
 M - a condenser vane (inert)
 R - a phial of floods

Dungeon Overview and Level Annotations

Branches:
Dungeon (15/15)            Temple (0/1) D:4            Lair (5/5) D:10
 Shoals (4/4) Lair:2       Spider (4/4) Lair:2        Slime (1/5) Lair:5
    Orc (2/2) D:9             Elf (3/3) Orc:2        Vaults (5/5) D:14
  Crypt (3/3) Vaults:3       Tomb (0/3) Crypt:3      Depths (3/4) D:15
   Hell (visited)          WizLab (visited)
    Dis: Hell:1         Geh: Hell:1         Coc: Hell:1         Tar: Hell:1

Altars:
Ashenzari
Cheibriados
Dithmenos
Elyvilon
Fedhas
Gozag
Hepliaklqana
Kikubaaqudgha
Nemelex Xobeh
Qazlal
Ru
Sif Muna
Trog
Uskayaw
Vehumet
Wu Jian
Xom
Yredelemnul
Zin
Beogh
Jiyva

Shops:
D:6 **   D:8 [[(   D:9 *(   D:10 (((((   D:13 *   D:14 =(   Orc:2 ((?   Elf:1 [
Elf:3 *   Shoals:1 (   Shoals:3 !   Vaults:1 (   Vaults:2 :[?   Vaults:3 ![
Depths:1 =

Portals:
Hell: Depths:1 Depths:2 Depths:3
Abyss: Depths:3
Pandemonium: Depths:2

Annotations:
D:3 3 runed translucent doors, pigah's ghost, amateur OpWn
D:4 3 runed translucent doors, Crazy Yiuf; sokol815's ghost, amateur DgHu
D:5 1 runed translucent door, kingofthe's ghost, novice TrWr
D:15 2 transporters, Aqenwou's ghost, journeyman GrWn
Elf:2 3 runed translucent doors
Crypt:2 2 transporters, exclusion: orange crystal statue, Katt's ghost, adept MiFi
Hell Geryon

........# ....
.........###....
....C............
.................
...............
............^
......#D..##
####..###@..#
#####....##G.#..#
####.......##.&G##.#
#...........#JG##..#
#.......##J.J###...#
....###...#...#.......
...###...............⚑
...###.................
.##............^.......


You could see Fifennuyg (fast, incited), a fire giant (fast, incited), an ice
dragon (incited), a neutral great orb of eyes (wandering) (fellow slime), a
neutral shining eye (wandering) (fellow slime), a neutral eye of devastation
(wandering) (fellow slime) and 3 neutral jellies (fellow slime).


Message History

The Executioner is engulfed in freezing vapours. x2
The Executioner hits you but does no damage. x2
The Executioner barely misses you.
Fifennuyg is engulfed in freezing vapours.
Fifennuyg tramples you but does no damage.
The Brimstone Fiend is engulfed in freezing vapours.
The Executioner is engulfed in freezing vapours.
The Executioner completely misses you. x2; The Executioner misses you.
Welcome back to the Depths!
There is an empty arch of ancient stone, spattered with blood here.
Okay, then.
You feel yourself speed up. Fifennuyg tramples you.
* * * LOW HITPOINT WARNING * * *
You hold your ground!
The jelly barely misses the ice dragon. x2
Fifennuyg tramples you!
* * * LOW HITPOINT WARNING * * *
You are shoved backwards!
A fire giant comes into view.
It is wielding a +1 great sword of flaming.
Gozag incites the fire giant against you.
The fire giant seems to speed up.
Fifennuyg gestures at you.
The ice dragon blinks!
You hear a distant slurping noise.
As you read the scroll of teleportation {@r2}, it crumbles to dust.
You feel strangely unstable.
Fifennuyg tramples the floating eye!!
The floating eye holds its ground!
The floating eye dies!
Fifennuyg gestures at you. The crystal spear hits you!!!
You die...

Skill      XL: |  1  2  3  4  5  6  7  8  9 10 11 12 13 14 15 16 17 18 19 20 21 22 23 24 25 26 |
---------------+-------------------------------------------------------------------------------+-----
Axes           | 3 4 5 6 8 9 11 13 16 18 19 22 24 26 | 26.7
Dodging        | 3 4 6 8 9 12 16 19 | 19.6
Fighting       | 6 10 13 15 18 20 21 22 24 25 26 27 | 27.0
Armour         | 5 9 12 14 16 18 20 21 22 23 24 | 24.0
Evocations     | 1 7 9 12 13 15 | 15.0
Shields        | |  3.2

Action                     |  1- 3 |  4- 6 |  7- 9 | 10-12 | 13-15 | 16-18 | 19-21 | 22-24 | 25-27 || total
---------------------------+-------+-------+-------+-------+-------+-------+-------+-------+-------++-------
  Melee: War axe           |    89 |   105 |   173 |   484 |   190 |       |       |       |       ||  1041
         Punch             |     1 |       |     2 |     6 |     2 |       |       |       |       ||    11
         Battleaxe         |       |       |       |       |   730 |  1003 |  1260 |       |       ||  2993
         Executioner's axe |       |       |       |       |       |       |   107 |  1053 |   533 ||  1693
         Headbutt          |       |       |       |       |       |       |       |       |   100 ||   100
  Throw: Throwing net      |       |       |     1 |       |       |       |       |       |       ||     1
 Invoke: Call Merchant     |       |       |       |     2 |     2 |     3 |     2 |     2 |     1 ||    12
         Potion Petition   |       |       |       |       |       |       |     1 |       |     1 ||     2
  Evoke: Phantom mirror    |       |       |       |       |     4 |     1 |       |       |       ||     5
         Lightning rod     |       |       |       |       |    13 |       |       |       |       ||    13
         Condenser vane    |       |       |       |       |     3 |     6 |     3 |     2 |     2 ||    16
         Box of beasts     |       |       |       |       |     1 |     1 |       |       |       ||     2
         Wand              |       |       |       |       |       |     3 |       |     4 |     1 ||     8
    Use: Scroll            |     6 |     4 |     6 |     9 |    13 |     8 |    14 |    16 |    15 ||    91
         Potion            |       |     1 |     3 |     6 |     9 |    13 |     5 |    22 |    14 ||    73
   Stab: Distracted        |       |     1 |     1 |     5 |     8 |    11 |    13 |    19 |     2 ||    60
         Confused          |       |       |       |       |     3 |     4 |       |       |       ||     7
         Held in net/web   |       |       |       |       |       |     1 |       |       |       ||     1
         Petrified         |       |       |       |       |       |       |       |     2 |       ||     2
         Petrifying        |       |       |       |       |       |       |       |     1 |       ||     1
         Invisible         |       |       |       |       |       |       |       |       |     1 ||     1
 Armour: Scale mail        |    76 |    42 |    76 |    11 |       |       |       |       |       ||   205
         Plate armour      |       |       |       |   270 |   652 |   704 |   690 |   638 |   362 ||  3316
  Dodge: Dodged            |    74 |    45 |    77 |   196 |   364 |   449 |   524 |   702 |   569 ||  3000
  Block: Other             |       |       |       |       |    14 |   219 |   198 |   215 |   144 ||   790
         Reflection        |       |       |       |       |     1 |     7 |    22 |    13 |     3 ||    46

Levels and vault maps discovered:
D:1:      nicolae_arrival_somewhat_less_tricky_arrival, layout_rooms
D:2:      layout_basic, shapermc_ecumenical_altar_acropolis
D:3:      layout_basic, nicolae_yredelemnul_corpse_copse,
          mainiacjoe_overflow_big_doors, gammafunk_ghost_necromancy
D:4:      minmay_skewed_foursquare, layout_cave_pools, amcnicky_altar_gilded,
          mainiacjoe_overflow_catwalk, mainiacjoe_overflow_catwalk_spiral,
          temple_doors_e, ebering_ghost_sewer_f, hangedman_decor_diamond_cutter,
          uniq_crazy_yiuf_cottage
D:5:      layout_loops_ring, mainiacjoe_overflow_six_doors_small,
          ebering_ghost_sewer_d
D:6:      layout_loops_cross, mainiacjoe_overflow_paths, nicolae_specific_store
D:7:      layout_cave_pools, old_standard_altar, general_overflow_altar,
          minmay_holes
D:8:      cheibrodos_fzero, layout_basic, serial_shops, shop, shop,
          minmay_misc_feat_hallway, uniq_pikel
D:9:      layout_rooms, old_standard_altar, orc_0_dummy
D:10:     layout_stronghold, tgw_kikubaaqudgha, due_lair_maze_entry_diamond,
          uniq_fannar
D:11:     kennysheep_six_static_rooms, layout_basic,
          portal_ice_cave_demonic_guard
D:12:     layout_long_grid
D:13:     layout_rooms, serial_shops, shop_fountains, serial_bayou_pond_c,
          chequers_serial_rivers_small_a, minmay_bent
D:14:     layout_basic, erik_vaults_2, lemuel_doored_altar, serial_glass,
          glass_columns_a, glass_columns_b, doesnt_xom_only_xom, uniq_lodul,
          uniq_josephine
D:15:     hangedman_depths_entry_try_elsewhere_first, layout_stronghold,
          gammafunk_ghost_wrathful_warriors, nicolae_sif_muna_condensation
Lair:1:   gammafunk_indiana_jones, layout_chaotic_city, serial_rivers,
          chequers_serial_rivers_marsh, chequers_serial_rivers_room_b,
          chequers_serial_rivers_small_a, chequers_serial_rivers_large_a,
          chequers_serial_rivers_small_3
Lair:2:   layout_long_grid, minmay_shoals_entry_hut,
          nicolae_spider_entry_tight_spaces, uniq_amaemon, uniq_nergalle
Lair:3:   layout_cave_pods, basic_altar, beast_lair_carwin_4
Lair:4:   layout_regular_city, grunt_megastairs_2, infiniplex_staircase_pool_2,
          lemuel_fruit_tree
Lair:5:   hangedman_lair_in_review, layout_regular_city,
          guppyfry_lair_end_dragon, slime_entry_1,
          hangedman_lair_unloving_vines, serial_bayou_pond_a
Shoals:1: layout_shoals, serial_shops, nicolae_shop_bloodbath_and_beyond
Shoals:2: layout_shoals, ldierk_geyser, uniq_ilsuiw
Shoals:3: layout_shoals, serial_shops, nicolae_shop_waterfront
Shoals:4: shoals_end_hellmonk_storm_palace [storm_palace_center_ruins,
          storm_palace_corner_blocked, storm_palace_corner_grid,
          storm_palace_corner_reverse_hut, storm_palace_corner_altar],
          serial_shops, uniq_polyphemus
Spider:1: nicolae_spider_brood_tunnel
Spider:2: layout_spider_delve, drop_trap, uniq_arachne, uniq_nikola
Spider:3: layout_spider_delve, uniq_kirke, uniq_mara
Spider:4: hellmonk_spider_rune_endless_swarm, ebering_ghost_reflecting_pool,
          drop_trap, uniq_aizul, uniq_mlioglotl
Slime:1:  layout_caves, cheibrodos_slime_lost_civilization_4
Orc:1:    hellmonk_paralyzer, layout_caves, nicolae_orc_stony_grotto,
          minmay_orc_temple_b
Orc:2:    st_orc_elflike, layout_caves
Elf:1:    eino_elf_arrival_altar, layout_loops_corners, serial_shops,
          nicolae_shop_stone, minivault_28, grunt_megastairs_5, uniq_louise
Elf:2:    nicolae_elf_blades_crystal_corner, layout_geoelf_octagon, uniq_roxanne
Elf:3:    elf_hall_gauntlet_narrow, layout_geoelf_diagonals, guppyfry_elf_lava
Vaults:1: grunt_vaults_trifunnel, nicolae_vaults_network_square, v_misc_8,
          v_misc_10, v_pattern_5, hangedman_vaults_nails, vaults_room_corners,
          layout_vaults_chaotic_city, serial_shops, nicolae_shop_hallway_plus
Vaults:2: v_misc_29, ontoclasm_vaults_spin, v_misc_11, hangedman_vaults_slither,
          ontoclasm_vaults_pinch, vaults_room_large_hall, v_pattern_1,
          v_alt_pattern_1, v_alt_pattern_3, hangedman_vaults_restitches,
          ontoclasm_vaults_fault, layout_vaults_maze, serial_shops, shop,
          nicolae_shop_hallway_stairs, nicolae_square_shop, uniq_jory,
          uniq_margery
Vaults:3: minmay_crypt_entry_necro_gods, v_misc_26,
          nicolae_vaults_ninety_degrees, hangedman_vaults_corner_blocks,
          nicolae_vaults_little_squares_3, v_misc_17,
          nicolae_vaults_little_squares_5, st_lines, v_pattern_4,
          vaults_dpeg_encased_lava, nicolae_vaults_mini_display_case,
          vaults_room_corners, layout_vaults_ring
Vaults:4: ploomutoo_gammafunk_ghost_potion_laboratory,
          nicolae_vaults_angled_halls, grunt_vaults_swirl, v_misc_14,
          ontoclasm_vaults_gateway, layout_vaults_omnigrid
Vaults:5
Crypt:1:  layout_chaotic_city, nicolae_crypt_small_crypt,
          nicolae_crypt_cryptocurrency, roderic_lattice_octagonal_star
Crypt:2:  layout_chaotic_city, nzn_ghost_randoct, uniq_bai_suzhen, uniq_sojobo,
          uniq_saint_roka
Crypt:3:  lightli_unholy_cathedral, layout_chaotic_city,
          tomb_entry_shell_bobbens, st_stairs_13
Depths:1: layout_cave_shapes, hell_entry, chequers_serial_rivers_micro_c,
          mu_enter_wizlab_1, serial_shops, shop_coins, kennysheep_potato,
          uniq_asterion
Depths:2: cheibrodos_salmonella, layout_basic, hell_entry,
          rand_demon_pan_entry_4, minmay_swirly_circle
Depths:3: minmay_roctagon, layout_cross, enter_ziggurat_c,
          minmay_curled_crystal, abyss_entry_glasseish,
          nicolae_hell_entry_hellmouth_sunbeams, bloody_trog
Hell

Notes
Turn   | Place    | Note
-------+----------+-------------------------------------------
     0 | D:1      | demibob the Hill Orc Fighter began the quest for the Orb.
     0 | D:1      | Reached XP level 1. HP: 19/19 MP: 1/1
   158 | D:1      | Reached skill level 3 in Axes
   189 | D:1      | Reached XP level 2. HP: 23/26 MP: 2/2
   234 | D:1      | Reached skill level 4 in Axes
   740 | D:2      | Reached XP level 3. HP: 25/31 MP: 3/3
   747 | D:2      | Reached skill level 5 in Axes
   963 | D:2      | Found a faded altar of an unknown god.
   967 | D:2      | Prayed at the altar of an unknown god.
   967 | D:2      | Became a worshipper of Gozag Ym Sagoz the Greedy
   986 | D:3      | Found a runed translucent gate.
   986 | D:3      | Found a runed translucent gate.
   987 | D:3      | Found a runed translucent gate.
  1016 | D:3      | Noticed pigah's ghost (amateur OpWn)
  1137 | D:3      | Reached XP level 4. HP: 32/39 MP: 4/4
  1202 | D:3      | Found a basalt altar of Yredelemnul.
  1215 | D:3      | Reached skill level 6 in Axes
  1273 | D:3      | Reached XP level 5. HP: 45/45 MP: 5/5
  1295 | D:3      | Reached skill level 7 in Axes
  1472 | D:3      | Found a shadowy altar of Dithmenos.
  1504 | D:3      | Found a hide-covered altar of Uskayaw.
  1789 | D:4      | Found a staircase to the Ecumenical Temple.
  1808 | D:4      | Noticed an ogre
  1980 | D:4      | Found a runed translucent door.
  1981 | D:4      | Noticed Crazy Yiuf
  2021 | D:4      | Found a glowing silver altar of Zin.
  2022 | D:4      | Found a runed translucent door.
  2027 | D:4      | Noticed sokol815's ghost (amateur DgHu)
  2046 | D:4      | Reached skill level 8 in Axes
  2046 | D:4      | Reached XP level 6. HP: 43/51 MP: 6/6
  2192 | D:4      | Found an ornate altar of the Wu Jian Council.
  2387 | D:4      | Found a shimmering blue altar of Sif Muna.
  2395 | D:4      | Reached skill level 9 in Axes
  2505 | D:4      | Found a broken altar of Ashenzari.
  2599 | D:4      | Found a runed translucent door.
  2622 | D:4      | Reached XP level 7. HP: 57/57 MP: 7/7
  2719 | D:4      | Identified the +7 whip "Ragguy" {elec, Will+ Int+5}
  2783 | D:5      | Entered Level 5 of the Dungeon
  2888 | D:5      | Reached skill level 10 in Axes
  3016 | D:5      | You fall into a shaft and drop 2 floors!
  3133 | D:6      | Reached skill level 11 in Axes
  3198 | D:5      | Identified the +0 pair of boots "Yphon" {rPois Str-3 Int-3
                  | Dex+8}
  3256 | D:5      | Reached XP level 8. HP: 19/64 MP: 8/8
  3477 | D:5      | Found a runed translucent door.
  3538 | D:5      | Found an opulent altar of Gozag.
  3553 | D:5      | Identified the +3 war axe of the Spheres {protect, rF++
                  | Dex+3}
  3668 | D:5      | Reached skill level 12 in Axes
  3668 | D:5      | Reached skill level 1 in Dodging
  3953 | D:5      | Noticed kingofthe's ghost (novice TrWr)
  4197 | D:6      | Found Anarhubi's Specific Store.
  4197 | D:6      | Found Morat's General Store.
  4210 | D:6      | Bought a scroll of blinking for 90 gold pieces
  4227 | D:6      | Found a snail-covered altar of Cheibriados.
  4322 | D:6      | Reached skill level 2 in Dodging
  4796 | D:7      | Found a blossoming altar of Fedhas.
  4890 | D:7      | Reached skill level 3 in Dodging
  4909 | D:7      | Reached skill level 13 in Axes
  4912 | D:7      | Reached XP level 9. HP: 68/70 MP: 9/9
  4953 | D:7      | Reached skill level 4 in Dodging
  4993 | D:7      | Found a hazy altar of Hepliaklqana.
  5215 | D:7      | Reached skill level 14 in Axes
  5250 | D:8      | Noticed a two-headed ogre
  5314 | D:8      | Found Gogreptitz's Antique Weapon Shoppe.
  5435 | D:8      | Noticed a two-headed ogre
  5447 | D:8      | Killed a two-headed ogre
  5448 | D:8      | Reached skill level 15 in Axes
  5619 | D:8      | HP: 1/70 [two-headed ogre/+0 giant spiked club (16)]
  5851 | D:8      | Noticed a two-headed ogre
  5851 | D:8      | Noticed Pikel
  6034 | D:8      | Noticed a two-headed ogre
  6037 | D:8      | Reached skill level 16 in Axes
  6039 | D:8      | Reached XP level 10. HP: 68/77 MP: 10/10
  6047 | D:8      | Killed a two-headed ogre
  6048 | D:8      | Reached skill level 17 in Axes
  6086 | D:8      | Killed Pikel
  6092 | D:8      | Reached skill level 18 in Axes
  6329 | D:8      | Reached skill level 4 in Fighting
  6368 | D:8      | Found Pafademm's Armour Emporium.
  6445 | D:8      | Killed a two-headed ogre
  6446 | D:8      | Reached skill level 5 in Fighting
  6446 | D:8      | Reached skill level 4 in Armour
  6603 | D:8      | Bought a runed plate armour for 806 gold pieces
  6616 | D:9      | Found a staircase to the Orcish Mines.
  6632 | D:9      | Reached skill level 5 in Armour
  6809 | D:9      | Found a sacrificial altar of Ru.
  6881 | D:9      | Reached skill level 6 in Fighting
  7066 | D:9      | Reached XP level 11. HP: 87/91 MP: 11/11
  7177 | D:10     | Entered Level 10 of the Dungeon
  7275 | D:10     | Reached skill level 6 in Armour
  7287 | D:10     | Reached skill level 7 in Fighting
  7290 | D:10     | Found a staircase to the Lair.
  7427 | D:10     | Noticed a two-headed ogre
  7433 | D:10     | Killed a two-headed ogre
  7434 | D:10     | Reached skill level 7 in Armour
  7510 | D:10     | Reached skill level 8 in Fighting
  7534 | D:10     | Found an ancient bone altar of Kikubaaqudgha.
  7554 | D:10     | Noticed Fannar
  7572 | D:10     | Killed Fannar
  7767 | D:10     | Reached skill level 8 in Armour
  7850 | D:10     | Noticed a two-headed ogre
  7859 | D:10     | Killed a two-headed ogre
  7860 | D:10     | Reached skill level 9 in Fighting
  8159 | Lair:1   | Entered Level 1 of the Lair of Beasts
  8219 | Lair:1   | Reached skill level 9 in Armour
  8227 | Lair:1   | Reached skill level 10 in Fighting
  8445 | Lair:1   | Reached XP level 12. HP: 93/107 MP: 12/12
  8862 | Lair:1   | Reached skill level 10 in Armour
  8918 | Lair:1   | Reached skill level 11 in Fighting
  9496 | Lair:2   | Noticed Nergalle
  9514 | Lair:2   | Killed Nergalle
  9545 | Lair:2   | Noticed Amaemon
  9568 | Lair:2   | Killed Amaemon
  9569 | Lair:2   | Reached skill level 12 in Fighting
  9569 | Lair:2   | Reached skill level 11 in Armour
 10349 | Lair:2   | Found a hole to the Spider Nest.
 10366 | Lair:2   | Found a staircase to the Shoals.
 10845 | Lair:3   | Reached skill level 13 in Fighting
 10845 | Lair:3   | Reached skill level 12 in Armour
 10957 | Lair:3   | Reached XP level 13. HP: 76/122 MP: 13/13
 11527 | Lair:3   | Found a broken altar of Ashenzari.
 11878 | Lair:4   | >>oops
 12149 | Lair:4   | Reached skill level 14 in Fighting
 12159 | Lair:4   | Reached skill level 13 in Armour
 12257 | D:10     | Bought a glowing battleaxe for 247 gold pieces
 13051 | D:11     | Identified the ring of Jelyf {AC+4 Str+3 Dex+4}
 13478 | D:10     | Bought a glowing battleaxe for 247 gold pieces
 13608 | D:12     | Reached skill level 15 in Fighting
 13624 | D:12     | Reached skill level 14 in Armour
 14801 | D:10     | Bought a runed battleaxe for 247 gold pieces
 14974 | Lair:4   | Reached XP level 14. HP: 109/136 MP: 14/14
 15072 | Lair:4   | Reached skill level 16 in Fighting
 15398 | Lair:4   | Reached skill level 15 in Armour
 15833 | Lair:5   | Entered Level 5 of the Lair of Beasts
 15849 | Lair:5   | Found a staircase to the Slime Pits.
 15849 | Lair:5   | Found a viscous altar of Jiyva.
 16399 | Lair:5   | Reached skill level 17 in Fighting
 16730 | Lair:5   | Reached skill level 16 in Armour
 17038 | Lair:5   | Noticed a dire elephant
 17053 | Lair:5   | Killed a dire elephant
 18090 | Orc:1    | Entered Level 1 of the Orcish Mines
 18230 | Orc:1    | Found a roughly hewn altar of Beogh.
 18322 | Orc:2    | Entered Level 2 of the Orcish Mines
 18328 | Orc:2    | Gained mutation: Potions are less effective at restoring
                  | your health. [a neqoxec]
 18358 | Orc:1    | Lost mutation: Potions are less effective at restoring your
                  | health. [potion of mutation]
 18358 | Orc:1    | Gained mutation: You are frail. (-10% HP) [potion of
                  | mutation]
 18358 | Orc:1    | Gained mutation: You occasionally lose the ability to drink
                  | potions when taking damage. [potion of mutation]
 18359 | Orc:1    | Lost mutation: You occasionally lose the ability to drink
                  | potions when taking damage. [potion of mutation]
 18359 | Orc:1    | Lost mutation: You are frail. (-10% HP) [potion of
                  | mutation]
 18359 | Orc:1    | Gained mutation: Your flesh is heat resistant. (rF+)
                  | [potion of mutation]
 18498 | Orc:2    | Reached skill level 18 in Fighting
 18498 | Orc:2    | Found Ygofanus's Armour Shop.
 18524 | Orc:2    | Reached XP level 15. HP: 72/149 MP: 15/15
 18725 | Orc:2    | Found a staircase to the Elven Halls.
 19115 | Orc:2    | Reached skill level 17 in Armour
 19398 | Orc:2    | Found Dabaaqir's Weapon Emporium.
 19406 | Orc:2    | Found Ucuc's Magic Scroll Emporium.
 19424 | Orc:2    | Found Zustroliph's Weapon Shop.
 19850 | Orc:1    | Paralysed by an ogre mage for 4 turns
 20301 | D:9      | Identified 2 potions of resistance
 20869 | D:13     | Reached skill level 19 in Fighting
 21454 | D:13     | Identified the +2 helmet of Winter {Fly Will+ Str-3 Int+8}
 21495 | D:13     | Found Qyel's General Store.
 21502 | D:13     | Bought a ring of see invisible for 180 gold pieces
 21502 | D:13     | Bought a scroll of identify for 24 gold pieces
 21742 | D:14     | Noticed Lodul
 21752 | D:14     | Killed Lodul
 22110 | D:14     | Found a gate to the Vaults.
 22117 | D:14     | Reached skill level 18 in Armour
 22428 | D:14     | Noticed Josephine
 22443 | D:14     | Killed Josephine
 22674 | D:14     | Found a shimmering altar of Xom.
 22678 | D:14     | Found an ornate altar of the Wu Jian Council.
 22678 | D:14     | Found an ancient bone altar of Kikubaaqudgha.
 22680 | D:14     | Found a white marble altar of Elyvilon.
 22680 | D:14     | Found a glowing silver altar of Zin.
 22680 | D:14     | Found a sparkling altar of Nemelex Xobeh.
 22943 | D:14     | Found a hazy altar of Hepliaklqana.
 22981 | D:15     | Entered Level 15 of the Dungeon
 22996 | D:15     | Reached skill level 20 in Fighting
 23020 | D:15     | Found a transporter.
 23194 | D:15     | Found a transporter.
 23202 | D:15     | Found a bloodstained altar of Trog.
 23202 | D:15     | Noticed Aqenwou's ghost (journeyman GrWn)
 23433 | D:15     | Found a shimmering blue altar of Sif Muna.
 23571 | D:15     | Reached XP level 16. HP: 162/162 MP: 16/16
 24095 | D:15     | Found a staircase to the Depths.
 24749 | Spider:1 | Entered Level 1 of the Spider Nest
 24911 | Spider:1 | Reached skill level 19 in Armour
 25833 | Spider:1 | Reached skill level 21 in Fighting
 26278 | Spider:2 | Noticed Nikola
 26306 | Spider:2 | Killed Nikola
 27020 | Spider:2 | Reached skill level 20 in Armour
 27275 | Spider:2 | Noticed Arachne
 27293 | Spider:2 | Killed Arachne
 27969 | Spider:3 | Reached skill level 1 in Evocations
 28131 | Spider:3 | Noticed Mara
 28141 | Spider:3 | Reached XP level 17. HP: 148/176 MP: 17/17
 28144 | Spider:3 | Reached skill level 2 in Evocations
 28160 | Spider:3 | Killed Mara
 28354 | Spider:3 | Noticed Kirke
 28371 | Spider:3 | Killed Kirke
 28372 | Spider:3 | Reached skill level 22 in Fighting
 28372 | Spider:3 | Reached skill level 3 in Evocations
 29160 | Spider:3 | Reached skill level 4 in Evocations
 29373 | Spider:4 | Entered Level 4 of the Spider Nest
 29574 | Spider:4 | Noticed Mlioglotl
 29705 | Spider:3 | Killed Mlioglotl
 29928 | Spider:4 | Reached skill level 5 in Evocations
 30477 | Spider:4 | Reached skill level 21 in Armour
 30577 | Spider:4 | Reached skill level 6 in Evocations
 30579 | Spider:4 | Noticed Aizul
 31113 | Spider:3 | Killed Aizul
 31738 | Spider:4 | Got a gossamer rune of Zot
 31743 | Spider:4 | Identified the +0 pair of gloves of Snakes and Ladders
                  | {Str+2}
 31922 | Spider:4 | Found a runed translucent door.
 31923 | Spider:4 | Noticed b0rk's ghost (adept HOFi)
 31945 | Spider:4 | Killed b0rk's ghost
 31977 | Spider:4 | Identified the ring "Nuenairo" {Fly rF+ rC+ rCorr}
 32544 | Vaults:1 | Entered Level 1 of the Vaults
 32606 | Vaults:1 | Reached skill level 7 in Evocations
 32606 | Vaults:1 | Reached XP level 18. HP: 139/187 MP: 18/18
 32608 | Vaults:1 | Reached skill level 23 in Fighting
 32995 | Vaults:1 | Found Loasouta's Antique Weapon Emporium.
 33229 | Vaults:1 | Reached skill level 8 in Evocations
 33450 | Vaults:1 | Identified the +0 ring mail of the World {*Corrode rPois
                  | Slay+2}
 34005 | Vaults:1 | Reached skill level 9 in Evocations
 34285 | Vaults:1 | Reached skill level 22 in Armour
 34400 | Vaults:1 | Paralysed by a great orb of eyes for 4 turns
 34916 | Vaults:2 | Noticed Margery
 34927 | Vaults:2 | Killed Margery
 34976 | Vaults:2 | Found Zusseogg's Armour Shop.
 34992 | Vaults:2 | Found Qifakhau's Book Shop.
 35273 | Vaults:2 | Reached skill level 24 in Fighting
 35358 | Vaults:2 | Reached XP level 19. HP: 186/198 MP: 19/19
 35433 | Vaults:2 | Reached skill level 10 in Evocations
 35761 | Vaults:2 | Noticed Jory
 35782 | Vaults:2 | Killed Jory
 36654 | Vaults:2 | Found Mossoc's Magic Scroll Shoppe.
 36661 | Vaults:2 | Bought a scroll of enchant weapon for 150 gold pieces
 36661 | Vaults:2 | Bought a scroll of enchant armour for 150 gold pieces
 36821 | Vaults:2 | Reached skill level 11 in Evocations
 37490 | Vaults:3 | Reached skill level 23 in Armour
 38311 | Vaults:3 | Reached skill level 25 in Fighting
 38363 | Vaults:3 | Reached skill level 12 in Evocations
 38377 | Vaults:3 | Reached XP level 20. HP: 59/210 MP: 20/20
 38377 | Vaults:3 | HP: 15/210 [vault warden/+0 battleaxe (17)]
 38382 | Vaults:3 | HP: 20/210 [dire elephant (20)]
 38789 | Vaults:3 | Got the Writings on Changing and the Sixfirhy
 39910 | Vaults:3 | Found a staircase to the Crypt.
 39910 | Vaults:3 | Found an ancient bone altar of Kikubaaqudgha.
 39911 | Vaults:3 | Found a basalt altar of Yredelemnul.
 41412 | Vaults:4 | Reached skill level 5 in Dodging
 41524 | Vaults:4 | Found a runed translucent gate.
 41524 | Vaults:4 | Found a runed translucent gate.
 41524 | Vaults:4 | Found a runed translucent gate.
 41802 | Vaults:4 | Reached skill level 13 in Evocations
 42437 | Elf:1    | Entered Level 1 of the Elven Halls
 42502 | Elf:1    | Found a radiant altar of Vehumet.
 42945 | Elf:1    | Noticed Louise
 42953 | Elf:1    | You are cast into the Abyss!
 42953 | Abyss:2  | Found a corrupted altar of Lugonu.
 42953 | Abyss:2  | Cast into level 2 of the Abyss (Louise)
 43103 | Elf:1    | You pass through the gate.
 43103 | Elf:1    | Escaped the Abyss
 43126 | Elf:1    | Killed Louise
 43127 | Elf:1    | Reached skill level 19 in Axes
 43531 | Elf:1    | Reached skill level 6 in Dodging
 43804 | Elf:1    | Found Pidavy's Antique Armour Shoppe.
 43895 | Elf:1    | Bought a fine cloak for 256 gold pieces
 43895 | Elf:1    | Identified the +0 cloak "Xatykac" {-Cast rElec Regen+
                  | Int-5} (You bought it in a shop on level 1 of the Elven
                  | Halls)
 44623 | Elf:2    | Reached XP level 21. HP: 216/217 MP: 21/21
 44661 | Elf:2    | Noticed Roxanne
 44679 | Elf:2    | Killed Roxanne
 44697 | Elf:2    | Reached skill level 7 in Dodging
 44796 | Elf:2    | Paralysed by an air elemental for 1 turns
 44807 | Elf:2    | Reached skill level 14 in Evocations
 45058 | Elf:2    | Identified the +9 great mace "Sishraex" {freeze, rPois rN++
                  | MP+9 Stlth+}
 45071 | Elf:2    | Reached skill level 20 in Axes
 45105 | Elf:2    | Found a runed translucent gate.
 45106 | Elf:2    | Found a runed translucent gate.
 45106 | Elf:2    | Found a runed translucent gate.
 45146 | Elf:3    | Entered Level 3 of the Elven Halls
 45670 | Elf:3    | Found Woamoem's Elven Fire.
 45830 | Elf:3    | Reached skill level 8 in Dodging
 46220 | Elf:3    | Identified the +6 morningstar of Sycuhucs {drain, rN+
                  | Dex+2}
 46388 | Elf:3    | Identified the +1 hand axe of Midwinter {freeze, *Corrode
                  | rN+ Str+3 Dex+3}
 46388 | Elf:3    | Identified the ring "Dojeplecw" {Int+3 SInv}
 46478 | Elf:3    | Identified the ring "Weafesit" {rF+ Str+2 Dex+3 Slay+4}
 46996 | Elf:3    | Reached skill level 15 in Evocations
 47158 | Elf:3    | Got Pyev's Compendium of Snow-white Rallying
 47180 | Elf:3    | Got the Folio of the Squall
 47217 | Elf:3    | Identified the +6 executioner's axe of Discomfort {heavy,
                  | rPois rF+ SInv Stlth+}
 47230 | Elf:3    | Found the +3 greatsling "Punk" {acid, rCorr}
 47398 | D:9      | Bought a fine scale mail for 243 gold pieces
 47398 | D:9      | Identified the +0 scale mail "Yggohika" {-Tele rF+ rC++
                  | Will+} (You bought it in a shop on level 9 of the Dungeon)
 47398 | D:9      | Bought a scroll labelled TOINGU TUTSAMU for 27 gold pieces
 47399 | D:9      | Acquired a +0 executioner's axe of venom
 47505 | Shoals:1 | Entered Level 1 of the Shoals
 47510 | Shoals:1 | Reached skill level 21 in Axes
 47574 | Shoals:1 | Found Wischikk's Weapon Boutique.
 47586 | Shoals:1 | Identified the +1 scale mail of the Trout {rPois Will-
                  | Dex+4}
 48441 | Shoals:2 | Identified the +2 buckler of the Armadillo {rF- Regen+
                  | rCorr Slay+2}
 48560 | Shoals:2 | Noticed Ilsuiw
 48589 | Shoals:2 | Killed Ilsuiw
 48955 | Shoals:2 | Reached skill level 22 in Axes
 49338 | Shoals:3 | Reached XP level 22. HP: 166/226 MP: 22/22
 49489 | Shoals:3 | Found Piphore's Distillery.
 49497 | Shoals:3 | Bought a potion of curing for 36 gold pieces
 49497 | Shoals:3 | Bought 2 potions of haste for 240 gold pieces
 49497 | Shoals:3 | Bought a potion of haste for 120 gold pieces
 49497 | Shoals:3 | Bought a potion of might for 48 gold pieces
 49497 | Shoals:3 | Bought a potion of curing for 36 gold pieces
 49605 | Shoals:3 | Got the Vellum of Transmigration and the Syncline
 50220 | Shoals:4 | Entered Level 4 of the Shoals
 50267 | Shoals:4 | Paralysed by an air elemental for 1 turns
 50416 | Shoals:4 | Reached skill level 23 in Axes
 50502 | Shoals:4 | Noticed Polyphemus
 50514 | Shoals:4 | Killed Polyphemus
 50642 | Shoals:4 | Found a stormy altar of Qazlal.
 50713 | Shoals:4 | Paralysed by an air elemental for 1 turns
 50738 | Shoals:4 | Identified the ring of Raliw {rPois rC+ Will+ Str+6 Slay-5}
 50766 | Shoals:4 | Reached skill level 24 in Axes
 50968 | Shoals:4 | Found the +3 warlock's mirror {omnireflect}
 50982 | Shoals:4 | Got a barnacled rune of Zot
 50998 | Shoals:4 | Identified the +10 short sword "Malizon" {venom, +Blink}
 51171 | Shoals:4 | Reached skill level 9 in Dodging
 51645 | Depths:1 | Entered Level 1 of the Depths
 51662 | Depths:1 | Found a gateway to Hell.
 51710 | Depths:1 | Found a magical portal.
 51715 | WizLab   | Entered Lehudib's Moon Base
 51867 | WizLab   | Found a transporter.
 51961 | WizLab   | Paralysed by accursed screaming for 1 turns
 51969 | WizLab   | Paralysed by accursed screaming for 1 turns
 52576 | WizLab   | Identified the ring "Laryof" {rF+ Will+ Dex+2}
 52784 | WizLab   | Gained mutation: You have sharp fingernails. [a neqoxec]
 52846 | WizLab   | Reached XP level 23. HP: 236/236 MP: 23/23
 52852 | WizLab   | Reached skill level 10 in Dodging
 52916 | WizLab   | Found a transporter.
 53214 | WizLab   | Paralysed by a great orb of eyes for 3 turns
 53226 | WizLab   | Reached skill level 26 in Fighting
 53238 | WizLab   | Reached skill level 25 in Axes
 53265 | WizLab   | Got Dosefy's Compilation of the Flaming Birds
 53268 | WizLab   | Identified a scarf of resistance
 53452 | Depths:1 | Found Baefidd's Jewellery Shop.
 53510 | Depths:1 | Noticed Asterion
 53518 | Depths:1 | Killed Asterion
 54236 | Vaults:5 | Entered Level 5 of the Vaults
 54440 | Vaults:4 | Reached skill level 11 in Dodging
 54475 | Vaults:4 | Found a runed translucent gate.
 54475 | Vaults:4 | Found a runed translucent gate.
 54480 | Vaults:4 | Found a runed translucent gate.
 54484 | Vaults:4 | Noticed Lolleill's ghost (adept DgTm)
 54502 | Vaults:4 | Killed Lolleill's ghost
 54536 | Vaults:4 | Identified the +0 pair of boots of Daisies {Fly rElec
                  | Dex-2}
 54628 | Vaults:5 | Noticed a golden dragon
 54712 | Vaults:4 | Killed a golden dragon
 54772 | Vaults:5 | Identified the ring "Hodai" {rC+ Int+3}
 54772 | Vaults:5 | Noticed a dread lich
 54772 | Vaults:5 | Identified the +6 halberd "Muiweg" {spect, *Corrode rC+
                  | Stlth+}
 54816 | Vaults:5 | Reached skill level 26 in Axes
 55028 | Vaults:5 | Identified the +1 hat of Chimes {*Corrode rC++ Slay+4}
 55107 | Vaults:5 | Paralysed by a dread lich for 2 turns
 55118 | Vaults:5 | Killed a dread lich
 55120 | Vaults:5 | Gained mutation: Your magical capacity is low. (-10% MP) [a
                  | shining eye]
 55325 | Vaults:5 | Reached skill level 12 in Dodging
 55328 | Vaults:5 | Identified the +7 lajatang "Inol" {flame, rN++}
 55358 | Vaults:5 | Reached XP level 24. HP: 114/247 MP: 20/20
 55375 | Vaults:5 | Identified the amulet of Limiley {rPois Regen+ Str+3 Dex-5}
 55485 | Vaults:5 | Got a silver rune of Zot
 55490 | Vaults:5 | Identified the +10 falchion of Mojan {freeze, Will++ Str+3
                  | Stlth+}
 55494 | Vaults:5 | Got the Quarto of Left-Handed Ceremonies and Breccia
 55637 | Vaults:5 | Identified the +3 ring mail of Instinct {Str+6}
 55659 | Vaults:5 | Identified the +8 ring mail of Dokhubro {Contam Int+2
                  | Dex+3}
 55706 | Vaults:5 | Reached skill level 13 in Dodging
 56972 | Crypt:1  | Entered Level 1 of the Crypt
 56976 | Crypt:1  | Noticed a curse skull
 56979 | Crypt:1  | Killed a curse skull
 57025 | Vaults:3 | Bought a potion of heal wounds for 90 gold pieces
 57025 | Vaults:3 | Bought a potion of heal wounds for 90 gold pieces
 57025 | Vaults:3 | Bought a potion of heal wounds for 90 gold pieces
 57025 | Vaults:3 | Bought a potion of curing for 54 gold pieces
 57029 | Vaults:3 | Bought a pair of bloodstained boots for 256 gold pieces
 57029 | Vaults:3 | Identified the +0 pair of boots "Fausioff" {rC- Will++
                  | Dex+2} (You bought it in a shop on level 3 of the Vaults)
 57079 | Crypt:1  | Reached skill level 14 in Dodging
 57285 | Crypt:1  | Acquired the ring "Liecor" {rElec rF+++ Will+ MP+9 Dex-3}
 57527 | Crypt:1  | Noticed a curse skull
 57532 | Crypt:1  | Killed a curse skull
 57922 | Crypt:2  | Noticed a royal mummy
 57924 | Crypt:2  | Noticed Katt's ghost (adept MiFi)
 57934 | Crypt:2  | Found a transporter.
 57941 | Crypt:2  | Reached skill level 15 in Dodging
 57987 | Crypt:2  | Noticed a curse skull
 57997 | Crypt:2  | Killed a curse skull
 58110 | Crypt:2  | Noticed a curse skull
 58153 | Crypt:2  | Noticed Sojobo
 58166 | Crypt:2  | Paralysed by an air elemental for 1 turns
 58174 | Crypt:3  | Entered Level 3 of the Crypt
 58205 | Crypt:3  | HP: 4/225 [revenant/ghostly fireball (29)]
 58397 | Crypt:2  | Noticed Bai Suzhen
 58414 | Crypt:2  | Killed Bai Suzhen
 58415 | Crypt:2  | Reached skill level 16 in Dodging
 58797 | Crypt:2  | Reached XP level 25. HP: 255/255 MP: 20/20
 58808 | Crypt:2  | Killed Sojobo
 58827 | Crypt:2  | Noticed Saint Roka
 58841 | Crypt:2  | Killed Saint Roka
 59002 | Crypt:2  | Found a transporter.
 59732 | Crypt:3  | Noticed a curse toe
 59759 | Crypt:3  | HP: 23/234 [ancient champion/iron shot (56)]
 59765 | Crypt:3  | HP: 22/226 [ancient champion/+1 battleaxe of draining (18)]
 59899 | Crypt:3  | Reached skill level 17 in Dodging
 59925 | Crypt:3  | HP: 9/222 [eidolon/bolt of negative energy (34)]
 60077 | Crypt:3  | Killed a curse toe
 60143 | Crypt:3  | Identified the +9 trident of Xibog {pain, Drain rN+ Int+4}
 60417 | Crypt:3  | Found an ancient bone altar of Kikubaaqudgha.
 60420 | Crypt:3  | Found a basalt altar of Yredelemnul.
 60805 | Crypt:3  | Found a staircase to the Tomb.
 61148 | D:14     | Upgraded the game from 0.30-a0-728-gc68057be0a to
                  | 0.30-a0-737-gf23d94013f
 61364 | Slime:1  | Entered Level 1 of the Pits of Slime
 61372 | Slime:1  | Gained mutation: Armour fits poorly on your strangely
                  | shaped body. [a shining eye]
 61373 | Slime:1  | Gained mutation: You have hidden genetic defects. [a
                  | shining eye]
 61380 | Lair:5   | Lost mutation: You have sharp fingernails. [potion of
                  | mutation]
 61380 | Lair:5   | Lost mutation: Your flesh is heat resistant. (rF+) [potion
                  | of mutation]
 61380 | Lair:5   | Gained mutation: You are frail. (-10% HP) [potion of
                  | mutation]
 61380 | Lair:5   | Gained mutation: You passively dampen the noise of your
                  | surroundings. [potion of mutation]
 61381 | Lair:5   | Lost mutation: Your magical capacity is low. (-10% MP)
                  | [potion of mutation]
 61381 | Lair:5   | Lost mutation: Armour fits poorly on your strangely shaped
                  | body. [potion of mutation]
 61381 | Lair:5   | Gained mutation: You are dopey. (Int -2) [potion of
                  | mutation]
 61381 | Lair:5   | Gained mutation: You occasionally lose the ability to read
                  | scrolls when taking damage. [potion of mutation]
 61383 | Lair:5   | Lost mutation: You passively dampen the noise of your
                  | surroundings. [potion of mutation]
 61383 | Lair:5   | Lost mutation: You are frail. (-10% HP) [potion of
                  | mutation]
 61383 | Lair:5   | Lost mutation: You have hidden genetic defects. [potion of
                  | mutation]
 61383 | Lair:5   | Gained mutation: You possess an exceptional clarity of
                  | mind. [potion of mutation]
 61384 | Lair:5   | Lost mutation: You are dopey. (Int -2) [potion of mutation]
 61384 | Lair:5   | Lost mutation: You occasionally lose the ability to read
                  | scrolls when taking damage. [potion of mutation]
 61384 | Lair:5   | Lost mutation: You possess an exceptional clarity of mind.
                  | [potion of mutation]
 61384 | Lair:5   | Gained mutation: You are occasionally teleported next to
                  | monsters. [potion of mutation]
 61384 | Lair:5   | Gained mutation: Your flesh is cold resistant. (rC+)
                  | [potion of mutation]
 61385 | Lair:5   | Lost mutation: You are occasionally teleported next to
                  | monsters. [potion of mutation]
 61385 | Lair:5   | Lost mutation: Your flesh is cold resistant. (rC+) [potion
                  | of mutation]
 61385 | Lair:5   | Gained mutation: You sometimes lose your temper in combat.
                  | [potion of mutation]
 61385 | Lair:5   | Gained mutation: You are vulnerable to heat. (rF-) [potion
                  | of mutation]
 61385 | Lair:5   | Gained mutation: Your body sometimes deteriorates upon
                  | taking damage. [potion of mutation]
 61386 | Lair:5   | Lost mutation: You sometimes lose your temper in combat.
                  | [potion of mutation]
 61386 | Lair:5   | Lost mutation: You are vulnerable to heat. (rF-) [potion of
                  | mutation]
 61386 | Lair:5   | Lost mutation: Your body sometimes deteriorates upon taking
                  | damage. [potion of mutation]
 61386 | Lair:5   | Gained mutation: Your body sometimes deteriorates upon
                  | taking damage. [potion of mutation]
 61386 | Lair:5   | Gained mutation: Your body often deteriorates upon taking
                  | damage. [potion of mutation]
 61389 | Lair:5   | Lost mutation: Your body often deteriorates upon taking
                  | damage. [potion of mutation]
 61389 | Lair:5   | Lost mutation: Your body sometimes deteriorates upon taking
                  | damage. [potion of mutation]
 61389 | Lair:5   | Lost intelligence.
 61389 | Lair:5   | Gained mutation: You have a pair of small horns on your
                  | head. [potion of mutation]
 61411 | Lair:5   | Fell from the grace of Gozag
 61411 | Lair:5   | Became a worshipper of Jiyva Jyarenau the Shapeless
 64258 | Depths:2 | Reached skill level 18 in Dodging
 65249 | Depths:2 | Reached skill level 19 in Dodging
 65889 | Depths:2 | Found a one-way gate leading to the halls of Pandemonium.
 66111 | Hell     | Entered the Vestibule of Hell
 66111 | Hell     | Noticed Geryon
 66262 | Depths:3 | Reached * piety under Jiyva
 66280 | Depths:3 | Reached XP level 26. HP: 243/264 MP: 23/23
 66335 | Depths:3 | Found a one-way gate to the infinite horrors of the Abyss.
 66403 | Depths:3 | Reached skill level 27 in Fighting
 66518 | Depths:3 | Found a one-way gateway to a ziggurat.
 66526 | Depths:3 | Found a bloodstained altar of Trog.
 66528 | Zig:1    | Entered Level 1 of a ziggurat
 66550 | Zig:2    | Entered Level 2 of a ziggurat
 66573 | Zig:2    | Lost mutation: You have a pair of small horns on your head.
                  | [potion of mutation]
 66573 | Zig:2    | Gained mutation: You are frail. (-10% HP) [potion of
                  | mutation]
 66573 | Zig:2    | Gained mutation: You are resistant to electric shocks.
                  | (rElec) [potion of mutation]
 66573 | Zig:2    | Gained mutation: Your movements are slightly less
                  | encumbered by armour. (ER -2) [potion of mutation]
 66582 | Zig:3    | Entered Level 3 of a ziggurat
 66606 | Zig:3    | Identified the +1 helmet of Fresh New Discoveries {Int+2
                  | SInv}
 66621 | Zig:4    | Entered Level 4 of a ziggurat
 66623 | Zig:4    | Noticed a dread lich
 66631 | Zig:4    | Killed a dread lich
 66648 | Zig:4    | Identified the ring "Teppihet" {rF+ rC++ rN++ Stlth-}
 66655 | Zig:5    | Entered Level 5 of a ziggurat
 66660 | Zig:5    | Noticed an ancient lich
 66667 | Zig:5    | Killed an ancient lich
 66696 | Zig:6    | Entered Level 6 of a ziggurat
 66696 | Zig:6    | Reached ** piety under Jiyva
 66712 | Zig:6    | Reached skill level 24 in Armour
 66763 | Zig:6    | Identified the +5 falchion of the Lost Deaths {speed, rPois
                  | rN+ Str+3 Dex-4}
 66766 | Zig:7    | Entered Level 7 of a ziggurat
 66772 | Zig:7    | Noticed Fifennuyg the pandemonium lord
 66777 | Zig:7    | >>dead lul
 66777 | Zig:7    | HP: 17/239 [cloud of freezing vapour (8)]
 66783 | Depths:3 | Killed from afar by Fifennuyg the pandemonium lord

Vanquished Creatures
  2 dread liches
  An ancient lich (Zig:5)
  Mara (Spider:3)
  Sojobo (Crypt:2)
  Bai Suzhen (Crypt:2)
  Saint Roka (Crypt:2)
  Margery (Vaults:2)
  A curse toe (Crypt:3)
  Nikola (Spider:2)
  A golden dragon (Vaults:4)
  Arachne (Spider:2)
  A bone dragon (Crypt:3)
  Jory (Vaults:2)
  A moon troll (WizLab)
  Mlioglotl (Spider:3)
  A Hell Sentinel (Zig:4)
  7 tentacled monstrosities
  5 liches
  2 deep elf master archers (Elf:3)
  6 titans
  2 deep elf blademasters (Elf:3)
  Asterion (Depths:1)
  A shard shrike skeleton (Crypt:1)
  The ghost of Lolleill the Bludgeoner, an adept DgTm (Vaults:4)
  A kraken (Shoals:1)
  Polyphemus (Shoals:4)
  9 ancient champions
  5 tentacled starspawn (WizLab)
  Kirke (Spider:3)
  The ghost of b0rk the Severer, an adept HOFi of Trog (Spider:4)
  7 tengu reavers
  5 sphinxes
  2 storm dragons
  3 revenants (Crypt:3)
  Ilsuiw (Shoals:2)
  4 shadow dragons
  Roxanne (Elf:2)
  5 fire giants
  4 deep elf sorcerers
  17 vault wardens
  3 iron dragons
  6 frost giants
  A caustic shrike zombie (Depths:3)
  3 emperor scorpions
  A balrug (Zig:7)
  Louise (Elf:1)
  3 ghost moths
  4 cacodemons
  3 curse skulls
  Aizul (Spider:3)
  A reaper (Crypt:2)
  An orc warlord (Vaults:4)
  3 deep elf elementalists
  8 ghouls
  A war gargoyle (WizLab)
  24 ironbound preservers
  A stone giant (shapeshifter) (Elf:3)
  11 broodmothers
  A juggernaut skeleton (Crypt:2)
  42 very ugly things
  23 stone giants
  A caustic shrike skeleton (Crypt:2)
  10 ironbound thunderhulks
  A quicksilver ooze (shapeshifter) (Vaults:5)
  4 deep elf demonologists (Elf:3)
  9 vampire knights
  5 deep elf annihilators
  2 dire elephants
  3 spark wasps (Depths:2)
  12 deep elf death magi
  4 eidola
  3 jiangshi (Crypt:3)
  An iron golem (Zig:4)
  A blizzard demon (Abyss:2)
  A green death (Depths:2)
  16 ettins
  4 crystal guardians
  3 mummy priests (Crypt:3)
  7 merfolk impalers
  14 yaktaur captains
  7 merfolk javelineers (Shoals:4)
  8 great orbs of eyes
  Josephine (D:14)
  5 fire dragons
  6 deep elf high priests
  6 entropy weavers
  A spriggan zombie (Crypt:3)
  4 spriggan air magi
  A radroach (Spider:1)
  2 hell beasts (Zig:7)
  8 ice dragons
  A rakshasa (Depths:2)
  Fannar (D:10)
  6 death knights
  A peacekeeper (Vaults:4)
  11 centaur warriors
  An ice dragon (shapeshifter) (Zig:5)
  A juggernaut simulacrum (Crypt:3)
  8 hydras
  10 ironbound frosthearts
  2 catoblepae
  A spriggan skeleton (Depths:3)
  40 vault guards
  A merfolk avatar (Shoals:1)
  An ogre mage (Orc:1)
  3 merfolk aquamancers (Shoals:4)
  A radroach (shapeshifter) (Vaults:5)
  3 jorogumos
  A fenstrider witch skeleton (Crypt:3)
  8 two-headed ogres
  4 boulder beetles
  6 death yaks
  3 tengu warriors
  4 deep troll shamans
  6 vampire magi
  2 satyrs
  23 dancing weapons
  3 orc high priests (Orc:2)
  2 deep troll earth magi (Depths:1)
  7 spriggan berserkers
  A thrashing horror (Abyss:2)
  2 shock serpents (shapeshifter)
  17 deep elf knights
  Nergalle (Lair:2)
  10 hell knights
  3 soul eaters
  2 wretched stars
  7 pharaoh ants
  An iron troll (Depths:1)
  2 titan skeletons (Crypt:3)
  A salamander mystic (Depths:3)
  Amaemon (Lair:2)
  5 sun demons (Depths:3)
  10 sea snakes
  A sun moth (Spider:1)
  Lodul (D:14)
  A sixfirhy (Zig:7)
  2 bunyip zombies (Crypt:1)
  5 shadow wraiths
  39 skeletal warriors
  An orange crystal statue (WizLab)
  An anaconda zombie (Crypt:2)
  89 deep trolls
  4 flayed ghosts
  7 wizards
  13 orb spiders
  A swamp dragon (Lair:5)
  A tengu zombie (Vaults:3)
  A spriggan simulacrum (Crypt:3)
  6 steelbarb worms
  8 glowing orange brains
  17 ironbound convokers
  17 phantasmal warriors
  16 lindwurms
  14 deep elf archers
  A ghost moth zombie (Crypt:2)
  A lindwurm (shapeshifter) (Vaults:4)
  2 bog bodies
  8 necromancers
  31 deep elf pyromancers
  Pikel (D:8)
  6 orc knights
  39 ugly things
  20 harpies
  33 deep elf zephyrmancers
  A stone giant zombie (Crypt:1)
  A shining eye (Slime:1)
  A sphinx zombie (Vaults:3)
  8 cyclopes
  22 wolf spiders
  A mana viper (shapeshifter) (Zig:1)
  7 orc sorcerers
  11 manticores
  11 fauns
  4 moths of wrath
  A naga zombie (Crypt:3)
  A moth of wrath (shapeshifter) (Elf:3)
  A black mamba (shapeshifter) (Vaults:4)
  7 merfolk sirens
  6 salamanders
  7 elephants
  8 black mambas
  A centaur zombie (Crypt:3)
  A smoke demon (Depths:2)
  10 water nymphs
  A gargoyle (D:12)
  17 vault sentinels
  7 eyes of devastation (WizLab)
  A shock serpent zombie (Crypt:2)
  10 cane toads
  8 demonic crawlers
  An orange demon (Lair:2)
  An eye of devastation (shapeshifter) (Vaults:5)
  A cane toad (shapeshifter) (Elf:1)
  6 torpor snails
  2 centaur skeletons (Crypt:3)
  An anaconda simulacrum (Crypt:2)
  A red draconian zombie (Crypt:3)
  2 kobold demonologists (D:12)
  2 unseen horrors (D:11)
  A hellion (Depths:3)
  6 rime drakes
  2 tengu conjurers (D:15)
  9 guardian mummies (Crypt:3)
  A grey draconian zombie (Crypt:2)
  A green draconian skeleton (Crypt:2)
  A steelbarb worm zombie (Crypt:3)
  A white draconian zombie (Crypt:1)
  2 tormentors (Zig:7)
  8 freezing wraiths
  36 yaktaurs
  A purple draconian skeleton (Crypt:3)
  A death yak skeleton (Crypt:2)
  11 komodo dragons
  2 efreet
  A hydra zombie (Crypt:2)
  2 ice devils (D:11)
  An alligator snapping turtle skeleton (Crypt:3)
  A queen bee (shapeshifter) (Vaults:4)
  23 merfolk
  4 polar bears
  A meliai (shapeshifter) (Vaults:4)
  A meliai (D:13)
  A mana viper skeleton (Crypt:1)
  8 trolls
  A wind drake (shapeshifter) (Vaults:5)
  14 wind drakes (Shoals:4)
  12 hornets
  3 blink frogs (Lair:5)
  A culicivora zombie (Crypt:3)
  8 snapping turtles
  40 tarantellas
  13 dream sheep
  A great orb of eyes zombie (Crypt:3)
  32 jumping spiders
  A meliai zombie (Crypt:1)
  A shadow dragon simulacrum (Depths:3)
  A satyr zombie (Crypt:1)
  12 air elementals
  A dream sheep (shapeshifter) (Vaults:5)
  9 spriggans
  46 slime creatures
  An ettin skeleton (Crypt:2)
  4 flying skulls (Crypt:1)
  19 culicivoras
  3 ushabtiu (Crypt:3)
  19 water elementals
  3 shadows
  7 basilisks
  12 wraiths
  A centaur simulacrum (Crypt:2)
  A fire bat (shapeshifter) (Vaults:1)
  6 wyverns
  2 hogs (Spider:3)
  2 fire dragon skeletons
  41 yaks
  2 fire bats (Elf:3)
  A hog (shapeshifter) (Vaults:4)
  2 fire elementals (Elf:1)
  5 neqoxecs
  A redback (shapeshifter) (Vaults:4)
  3 steam dragons
  48 redbacks
  2 chaos spawn (Depths:2)
  A steam dragon (shapeshifter) (D:15)
  A faun zombie (Crypt:2)
  10 vampire mosquitoes
  3 small abominations (Abyss:2)
  2 wargs
  An ogre zombie (Vaults:3)
  5 acid dragons
  12 water moccasins
  A cane toad zombie (Crypt:1)
  3 floating eyes
  A floating eye (shapeshifter) (Vaults:4)
  28 orc warriors
  A swamp dragon zombie (Crypt:1)
  A swamp drake (Lair:5)
  4 ice beasts
  3 sky beasts (D:7)
  9 black bears
  An ettin simulacrum (Crypt:3)
  13 centaurs
  13 ogres
  19 wolves
  A dream sheep skeleton (Crypt:3)
  A manticore skeleton (Crypt:1)
  A hog skeleton (Crypt:3)
  7 kobold brigands
  22 bullfrogs
  3 scorpions
  2 necrophages
  2 gnoll sergeants
  3 earth elementals
  A komodo dragon skeleton (Crypt:2)
  10 wights
  A troll zombie (Crypt:2)
  4 killer bees (D:9)
  10 howler monkeys
  7 electric eels
  A bullfrog zombie (Crypt:3)
  3 hounds
  2 jellies
  22 orc priests
  5 starcursed masses (WizLab)
  An iron imp (Abyss:2)
  7 hell rats (Lair:3)
  10 iguanas
  22 orc wizards
  A scorpion zombie (D:3)
  2 hound zombies (D:3)
  8 gnolls
  11 adders
  3 shadow imps
  A white imp (D:6)
  An ufetubus (D:4)
  A worm (D:2)
  3 dart slugs
  80 orcs
  5 bats
  9 endoplasms
  3 giant cockroaches
  6 goblins
  17 kobolds
  2 quokkas
  A ball python (shapeshifter) (Vaults:5)
  8 ball pythons
  A ball python zombie (D:3)
  3 frilled lizards
  A frilled lizard skeleton (Crypt:3)
  2 hobgoblin zombies (Crypt:1)
  A rat (D:2)
  13 starspawn tentacles (WizLab)
  3 tentacles (Shoals:1)
2156 creatures vanquished.

Vanquished Creatures (collateral kills)
  A hydra (Lair:4)
1 creature vanquished.

Vanquished Creatures (others)
  A spriggan defender (Depths:2)
  3 great orbs of eyes (Depths:3)
  3 glowing orange brains
  A harpy (Shoals:4)
  An ironbound convoker (Vaults:3)
  A wolf spider (shapeshifter) (Depths:2)
  A water nymph (shapeshifter) (Depths:2)
  A slime creature (shapeshifter) (Depths:2)
  A jumping spider (Spider:2)
  A water elemental (Elf:1)
  An air elemental (Elf:1)
  A floating eye (Depths:3)
  4 humans
  19 jellies
  An orc priest (Orc:2)
  A steam dragon skeleton (Crypt:3)
  5 kobolds (D:10)
  2 demonic plants (WizLab)
  48 fungi
  100 plants
  10 starspawn tentacles (WizLab)
  3 tentacles (Shoals:1)
209 creatures vanquished.

Grand Total: 2366 creatures vanquished

Table legend: (Time is in decaauts)
 A = Elapsed time spent in this place.
 B = Non-inter-level travel time spent in this place.
 C = Inter-level travel time spent in this place.
 D = Time resting spent in this place.
 E = Time spent auto-exploring this place.
 F = Levels seen in this place.
 G = Mean time per level.
                   A        B        C        D        E       F      G
               +--------+--------+--------+--------+--------+-----+--------+
         Total |  66171 |  61146 |   5025 |  11096 |  38399 |  55 | 1203.1 |
       Dungeon |  16364 |  14413 |   1951 |   1908 |  10297 |  15 | 1090.9 |
          Lair |   7749 |   6959 |    790 |    652 |   5168 |   5 | 1549.8 |
        Shoals |   3984 |   3809 |    175 |     67 |   2940 |   4 |  996.0 |
   Spider Nest |   7505 |   7322 |    183 |   1851 |   4178 |   4 | 1876.2 |
    Slime Pits |     14 |     14 |      0 |      0 |      0 |   1 |   14.0 |
  Orcish Mines |   2276 |   2083 |    193 |    325 |   1422 |   2 | 1138.0 |
   Elven Halls |   5222 |   4966 |    256 |   1362 |   2504 |   3 | 1740.7 |
        Vaults |  13888 |  12692 |   1196 |   3499 |   7076 |   5 | 2777.6 |
         Crypt |   4072 |   3926 |    146 |    650 |   2199 |   3 | 1357.3 |
        Depths |   3108 |   2978 |    130 |    371 |   1892 |   3 | 1036.0 |
          Hell |      1 |      1 |      0 |      0 |      0 |   1 |    1.0 |
         Abyss |    142 |    142 |      0 |      0 |      0 |   1 |  142.0 |
      Ziggurat |    249 |    249 |      0 |      2 |      0 |   7 |   35.6 |
        Wizlab |   1590 |   1590 |      0 |    407 |    720 |   1 | 1590.0 |
               +--------+--------+--------+--------+--------+-----+--------+

Top non-repeatable levels by time:
Vaults:3: 3358 daAuts
Vaults:4: 2918 daAuts
Vaults:1: 2815 daAuts
Vaults:2: 2597 daAuts
   Elf:3: 2368 daAuts
Spider:3: 2294 daAuts
  Lair:5: 2213 daAuts
Vaults:5: 2197 daAuts
   Elf:1: 2185 daAuts
Spider:4: 2141 daAuts
    D:14: 1849 daAuts
Depths:2: 1742 daAuts
    D:15: 1728 daAuts
Spider:2: 1676 daAuts
  WizLab: 1590 daAuts

Table legend:
 A = Non-vault XP
 B = Vault XP
 C = Vault XP percentage of total XP
 D = Non-vault monster count
 E = Vault monster count
 F = Vault count percentage of total count
                 A         B        C        D         E       F
            +---------+---------+-------+---------+---------+-------
      Total |  665283 |  501863 |  43.0 |    1429 |     716 |  33.4
            +---------+---------+-------+---------+---------+-------
        D:1 |      31 |       0 |   0.0 |      19 |       0 |   0.0
        D:2 |      42 |       0 |   0.0 |      10 |       0 |   0.0
        D:3 |     162 |      75 |  31.6 |      21 |       4 |  16.0
        D:4 |     262 |      77 |  22.7 |      12 |       9 |  42.9
        D:5 |     592 |       0 |   0.0 |      14 |       0 |   0.0
        D:6 |     526 |       0 |   0.0 |      15 |       0 |   0.0
        D:7 |    1352 |       0 |   0.0 |      13 |       0 |   0.0
        D:8 |    1468 |    3555 |  70.8 |      22 |      15 |  40.5
        D:9 |    1226 |       0 |   0.0 |      18 |       0 |   0.0
       D:10 |    3752 |    1910 |  33.7 |      27 |       9 |  25.0
       D:11 |    3956 |    2762 |  41.1 |      16 |       8 |  33.3
       D:12 |    6311 |       0 |   0.0 |      32 |       0 |   0.0
       D:13 |    7738 |    2273 |  22.7 |      28 |       6 |  17.6
       D:14 |    5547 |   10176 |  64.7 |      22 |      21 |  48.8
       D:15 |    9642 |    1504 |  13.5 |      17 |       3 |  15.0
     Lair:1 |    5369 |       0 |   0.0 |      29 |       0 |   0.0
     Lair:2 |    4018 |    3552 |  46.9 |      18 |      10 |  35.7
     Lair:3 |    5580 |    1348 |  19.5 |      31 |       7 |  18.4
     Lair:4 |   10397 |    1646 |  13.7 |      34 |       3 |   8.1
     Lair:5 |    7706 |   13051 |  62.9 |      24 |      35 |  59.3
   Shoals:1 |   12305 |       0 |   0.0 |      24 |       0 |   0.0
   Shoals:2 |    9464 |    3213 |  25.3 |      17 |       4 |  19.0
   Shoals:3 |   14432 |       0 |   0.0 |      29 |       0 |   0.0
   Shoals:4 |   18545 |   26487 |  58.8 |      41 |      56 |  57.7
   Spider:1 |   10560 |    8409 |  44.3 |      28 |      16 |  36.4
   Spider:2 |   17210 |    4565 |  21.0 |      48 |       2 |   4.0
   Spider:3 |   18020 |    9460 |  34.4 |      47 |       7 |  13.0
   Spider:4 |   17699 |   19622 |  52.6 |      43 |      33 |  43.4
    Slime:1 |     568 |       0 |   0.0 |       1 |       0 |   0.0
      Orc:1 |    3227 |    3480 |  51.9 |      36 |      22 |  37.9
      Orc:2 |    2544 |    8174 |  76.3 |      28 |      25 |  47.2
      Elf:1 |   21586 |   14734 |  40.6 |      35 |      24 |  40.7
      Elf:2 |   23725 |    5417 |  18.6 |      35 |       6 |  14.6
      Elf:3 |   23157 |   27941 |  54.7 |      35 |      27 |  43.5
   Vaults:1 |   40208 |   16531 |  29.1 |      57 |      24 |  29.6
   Vaults:2 |   22392 |   36079 |  61.7 |      39 |      45 |  53.6
   Vaults:3 |   41758 |   19362 |  31.7 |      68 |      25 |  26.9
   Vaults:4 |   29938 |   35514 |  54.3 |      40 |      36 |  47.4
   Vaults:5 |   29024 |   77086 |  72.6 |      35 |      75 |  68.2
    Crypt:1 |   39519 |       0 |   0.0 |      59 |       0 |   0.0
    Crypt:2 |   42313 |   14271 |  25.2 |      65 |      18 |  21.7
    Crypt:3 |   22794 |   33603 |  59.6 |      36 |      40 |  52.6
   Depths:1 |   30331 |    4595 |  13.2 |      36 |       4 |  10.0
   Depths:2 |   27443 |   39841 |  59.2 |      33 |      37 |  52.9
   Depths:3 |   35094 |    4261 |  10.8 |      48 |       6 |  11.1
    Abyss:2 |    3442 |       0 |   0.0 |       9 |       0 |   0.0
      Zig:1 |    1338 |       0 |   0.0 |       2 |       0 |   0.0
      Zig:2 |    1082 |       0 |   0.0 |       1 |       0 |   0.0
      Zig:3 |    2808 |       0 |   0.0 |       4 |       0 |   0.0
      Zig:4 |    7501 |       0 |   0.0 |       3 |       0 |   0.0
      Zig:5 |    8309 |       0 |   0.0 |       5 |       0 |   0.0
      Zig:6 |    6092 |       0 |   0.0 |       9 |       0 |   0.0
      Zig:7 |    4385 |       0 |   0.0 |       6 |       0 |   0.0
     WizLab |     793 |   47289 |  98.4 |       5 |      54 |  91.5
            +---------+---------+-------+---------+---------+-------
